Map: Rozkwit ER

Players

IronBars

  • Race: Zerg Zerg
  • League: Diamond
  • Spawn Location: 3:00

Ravi

  • Race: Protoss Protoss
  • Spawn Location: 12:00

IIIIIIIIIIII - Winner!

  • Race: Zerg Zerg
  • Spawn Location: 6:00

MarineLord - Winner!

  • Race: Protoss Protoss
  • League: Master
  • Spawn Location: 9:00

VOD

Have the link to the VOD?

Description

Time

  • Played on: Sept. 26, 2021, 3:12 p.m.
  • Length: 3:43
Show
View Real Time Build Order
Export as new Build Order

IronBars Zerg 

Build Orders: Hatch First 

Get SALT Encoding   

  12  0:00  Drone  
  13  0:13  Overlord  
  13  0:18  Drone  
  14  0:22  Extractor  
  14  0:23  Drone  
  15  0:31  Drone  
  16  0:52  Hatchery  
  15  1:01  Extractor, Drone  
  15  1:12  Spawning Pool  
  15  1:15  Drone  
  15  1:20  Drone  
  15  1:24  Drone  
  17  1:28  Drone  
  18  1:37  Evolution Chamber  
  18  1:39  Drone  
  18  1:59  Roach Warren  
  18  2:00  Drone x2  
  20  2:03  Extractor  
  20  2:04  Drone  
  20  2:11  Queen  
  22  2:16  Drone  
  22  2:22  Overlord  
  23  2:39  Roach x2  
  23  2:40  Roach  
  31  2:44  Roach  
  33  2:51  Roach  
  33  3:00  Ravager x2  
  33  3:04  Ravager  
  36  3:07  Overlord  
  30  3:23  Roach x4  
Show
View Real Time Build Order
Export as new Build Order

Ravi Protoss 

Build Orders: 1 Gate Expand 

Get SALT Encoding   

  12  0:00  Probe  
  13  0:12  Probe  
  14  0:22  Pylon  
  14  0:24  Probe  
  15  0:43  Gateway  
  15  0:45  Probe  
  16  0:55  Gateway  
  16  0:59  Probe  
  17  1:11  Probe  
  18  1:28  Nexus  
  18  1:37  Zealot (Chrono Boost)  
  19  1:51  Cybernetics Core  
  19  2:01  Zealot (Chrono Boost)  
  21  2:18  Zealot (Chrono Boost)  
  21  2:22  Forge  
  21  2:32  Assimilator  
  21  2:36  Zealot  
  10  3:03  Photon Cannon  
  8  3:24  Probe (Chrono Boost)  
  10  3:34  Probe (Chrono Boost)  
Show
View Real Time Build Order
Export as new Build Order

IIIIIIIIIIII Zerg - Winner!

Build Orders: Pool First 

Get SALT Encoding   

  12  0:02  Drone  
  13  0:12  Overlord  
  13  0:21  Drone  
  14  0:31  Drone x2  
  16  0:36  Drone  
  16  0:40  Extractor  
  16  0:45  Drone  
  17  0:55  Spawning Pool  
  16  0:57  Drone  
  17  1:06  Drone  
  18  1:24  Overlord  
  18  1:38  Hatchery  
  17  1:42  Metabolic Boost  
  17  1:49  Queen  
  19  1:54  Zergling x2  
  20  2:01  Overlord  
  20  2:04  Zergling x2  
  21  2:09  Zergling x2  
  22  2:16  Zergling x2  
  23  2:28  Zergling x2  
  24  2:37  Queen  
  24  2:38  Zergling x2  
  27  2:51  Zergling x4  
  27  2:57  Queen  
  31  2:59  Zergling x4  
  31  3:00  Zergling x2  
  35  3:12  Zergling x2  
  35  3:13  Zergling x4  
  36  3:24  Zergling x4  
Show
View Real Time Build Order
Export as new Build Order

MarineLord Protoss - Winner!

Build Orders: Cannon Rush 

Get SALT Encoding   

  12  0:00  Probe  
  13  0:12  Probe  
  14  0:19  Pylon  
  14  0:25  Probe  
  15  0:39  Forge  
  15  0:41  Probe  
  16  0:53  Pylon  
  16  1:13  Photon Cannon  
  16  1:15  Photon Cannon  
  16  1:37  Pylon  
  16  1:44  Probe  
  17  1:56  Photon Cannon, Probe  
  17  1:58  Photon Cannon  
  18  2:10  Photon Cannon  
  18  2:21  Photon Cannon  
  18  2:25  Pylon  
  18  2:34  Photon Cannon  
  18  2:37  Assimilator  
  18  2:41  Probe  
  18  2:43  Assimilator, Gateway  
  19  3:01  Photon Cannon, Probe  
  20  3:19  Probe  
  21  3:33  Cybernetics Core  
Tags
 
Add a new tag
Caveats
  • Supply blocks, unpowered buildings, or Contaminate may cause inaccurate times.
  • Supply counts are checked every 10 seconds.